 Dungeon Crawl Stone Soup version 0.30-a0-269-gf0224bf7b6 (webtiles) character file.

Game seed: 718600704611936819

25 NinjaNoafa the Grasshopper (level 2, 0/14 HPs)
             Began as a Spriggan Warper on Oct 14, 2022.
             Killed from afar by a dart slug (4 damage)
             ... with a slug dart
             ... on level 1 of the Dungeon.
             The game lasted 00:03:31 (523 turns).

NinjaNoafa the Grasshopper (Spriggan Warper)         Turns: 523, Time: 00:03:31

Health: 0/14       AC:  2    Str:  7    XL:     2   Next: 82%
Magic:  4/6        EV: 17    Int: 14    God:
Gold:   24         SH:  0    Dex: 14    Spells: 4/6 levels left

rFire   . . .      SeeInvis +    a - +0 short sword
rCold   . . .      Faith    .    (no shield)
rNeg    . . .      Spirit   .    b - +0 robe
rPois   .          Reflect  .    (helmet restricted)
rElec   .          Harm     .    (no cloak)
rCorr   .          Rampage  .    (gloves unavailable)
Will    .....                    (boots unavailable)
Stlth   ++........               (no amulet)
HPRegen 0.22/turn                (no ring)
MPRegen 0.10/turn                (no ring)

@: very quick
A: very small, no large weapons, unfitting armour, see invisible, speed 3
a: no special abilities


You were on level 1 of the Dungeon.
You visited 1 branch of the dungeon, and saw 1 of its levels.

You collected 24 gold pieces.

Inventory:

Hand Weapons
 a - a +0 short sword (weapon)
Missiles
 d - 4 boomerangs of dispersal (quivered)
 e - 11 stones
Armour
 b - a +0 robe (worn)
Scrolls
 c - a scroll of blinking
Potions
 f - a potion of resistance
 g - a potion of curing {unknown}
 h - a potion of flight {unknown}
 i - a potion of berserk rage {unknown}


   Skills:
 - Level 1.5 Fighting
 - Level 3.0 Short Blades
 - Level 1.0 Throwing
 - Level 3.2 Dodging
 + Level 3.1 Stealth
 - Level 2.6 Spellcasting
 - Level 4.4 Translocations


You had 4 spell levels left.
You knew the following spells:

 Your Spells              Type           Power      Damage    Failure   Level
a - Blink                 Tloc           28%        N/A       5%          2

Your spell library contained the following spells:

 Spells                   Type           Power      Damage    Failure   Level
 Lesser Beckoning         Tloc           28%        N/A       11%         3
 Teleport Other           Tloc           14%        N/A       11%         3
 Vhi's Electric Charge    Tloc/Air       16%        N/A       26%         3
 Manifold Assault         Tloc           14%        N/A       36%         4


Dungeon Overview and Level Annotations

Branches:
Dungeon (1/15)

Altars:


Innate Abilities, Weirdness & Mutations

You are very small and have problems with some larger weapons.
You are too small for most types of armour.
You have supernaturally acute eyesight. (SInv)
You cover ground extremely quickly. (Speed+++)


Message History

The dart slug launches a dart at you. The slug dart hits you.
You hit the endoplasm.
The endoplasm is moderately wounded.
The endoplasm barely misses you.
You hit the endoplasm.
The endoplasm is almost dead.
The endoplasm freezes you.
You are frozen.
* * * LOW HITPOINT WARNING * * *
Casting: Blink (safe; 5% risk of failure)
Confirm with . or Enter, or press ? or * to list all spells.
You blink.
The dart slug launches a dart at you. The slug dart misses you.
Okay, then.
Throw: 7 boomerangs (disperse)
Press: ? - help, Q - select action, (/) - cycle Shift-Dir - straight line, f - endoplasm
Aim: an endoplasm (almost dead, 85% to hit)
You throw a boomerang of dispersal.
The boomerang of dispersal barely misses the endoplasm.
Unknown command.
Throw: 6 boomerangs (disperse)
Press: ? - help, Q - select action, (/) - cycle Shift-Dir - straight line, f/p - endoplasm
Aim: an endoplasm (almost dead, 85% to hit)
You throw a boomerang of dispersal.
The boomerang of dispersal hits the endoplasm.
The endoplasm blinks!
You kill the endoplasm!
Throw: 5 boomerangs (disperse)
Press: ? - help, Q - select action, (/) - cycle Shift-Dir - straight line, f - dart slug
Aim: a dart slug (93% to hit)
You throw a boomerang of dispersal.
The boomerang of dispersal hits the dart slug.
The dart slug blinks!
The dart slug is moderately wounded.
You feel stable enough to blink again. The dart slug launches a dart at you.
The slug dart hits you.
You die...

#######...... #............
#..w......... #..).........
.###########............
......(...†.............
##......................
....####........§.§.#......##.###
..#......##.....@...#$.....##.#
≈≈~≈≈≈≈≈≈##.........#......##.#
≈≈≈~≈≈≈≈≈≈###########......##.#
≈≈≈~≈≈≈≈≈≈≈## #########.#
≈≈~≈≈≈≈≈8≈≈≈# #.# ≈~≈≈≈≈≈≈≈≈≈≈##
#.# ≈~≈≈≈...≈≈≈≈.# #.#
≈~≈≈.≈≈≈.≈≈..# #### #.#
≈≈~<.≈≈≈≈..≈.# ##...## #.#


You could see a dart slug.

Vanquished Creatures
  A bat (D:1)
  2 endoplasms (D:1)
  2 goblins (D:1)
  A hobgoblin (D:1)
  5 jackals (D:1)
  2 quokkas (D:1)
  3 ball pythons (D:1)
  3 kobolds (D:1)
  2 rats (D:1)
21 creatures vanquished.

Notes
Turn   | Place    | Note
-------+----------+-------------------------------------------
     0 | D:1      | NinjaNoafa the Spriggan Warper began the quest for the Orb.
     0 | D:1      | Reached XP level 1. HP: 10/10 MP: 5/5
    55 | D:1      | Found a faded altar of an unknown god.
   206 | D:1      | Reached XP level 2. HP: 14/14 MP: 6/6
   211 | D:1      | Reached skill level 1 in Stealth
   369 | D:1      | Learned a level 2 spell: Blink
   523 | D:1      | Killed from afar by a dart slug

Illustrated notes

Levels and vault maps discovered:
D:1:      nzn_arrival_water_spiral, layout_rooms,
          shapermc_ecumenical_altar_starsandcircs

Skill      XL: |  1  2 |
---------------+-------+-----
Short Blades   | 3 |  3.0
Stealth        | 3 |  3.1
Fighting       | |  1.5
Throwing       | |  1.0
Dodging        | |  3.2
Spellcasting   | |  2.6
Translocations | |  4.4

Action                   || total
-------------------------++-------
Melee: Short sword       ||   109
       Punch             ||     1
Throw: Boomerang         ||     3
 Cast: Blink             ||     3
  Use: Potion            ||     1
 Stab: Sleeping          ||     3
Armor: Robe              ||     9
Dodge: Dodged            ||    86

Table legend: (Time is in decaauts)
 A = Elapsed time spent in this place.
 B = Non-inter-level travel time spent in this place.
 C = Inter-level travel time spent in this place.
 D = Time resting spent in this place.
 E = Time spent auto-exploring this place.
 F = Levels seen in this place.
 G = Mean time per level.
                   A        B        C        D        E       F      G
               +--------+--------+--------+--------+--------+-----+--------+
         Total |    389 |    389 |      0 |      0 |    183 |   1 |  389.0 |
       Dungeon |    389 |    389 |      0 |      0 |    183 |   1 |  389.0 |
               +--------+--------+--------+--------+--------+-----+--------+

Top non-repeatable levels by time:
     D:1: 389 daAuts
